 Dungeon Crawl Stone Soup version 0.31.0-9-g3a7656b989 (webtiles) character file.

Game seed: 7679064259599875107

315 qw the Shooter (level 6, -7/30 HPs)
             Began as a Spriggan Hunter on Feb 2, 2024.
             Mangled by Duvessa
             ... wielding a +0 short sword
              (10 damage)
             ... on level 4 of the Dungeon.
             The game lasted 00:00:12 (2212 turns).

qw the Shooter (Spriggan Hunter)                    Turns: 2212, Time: 00:00:12

Health: -7/30      AC:  7    Str:  7    XL:     6   Next: 20%
Magic:  7/7        EV: 21    Int: 10    God:
Gold:   171        SH:  0    Dex: 21    Spells: 5/5 levels left

rFire   + . .        a - +0 shortbow
rCold   . . .        (shield currently unavailable)
rNeg    . . .        c - +0 robe
rPois   .            (helmet restricted)
rElec   .            f - +0 cloak
rCorr   .            (gloves unavailable)
SInv    +            (boots unavailable)
Will    +....        (no amulet)
Stlth   ++           b - ring of protection from fire
HPRegen 0.25/turn    h - +4 ring of protection
MPRegen 0.10/turn

%: no passive effects
@: very quick
A: very small, no large weapons, unfitting armour, see invisible, speed 3
a: no special abilities


You were on level 4 of the Dungeon.
You visited 1 branch of the dungeon, and saw 4 of its levels.

You collected 171 gold pieces.


Innate Abilities, Weirdness & Mutations

You are very small and have problems with some larger weapons.
You are too small for most types of armour.
You have supernaturally acute eyesight. (SInv)
You cover ground extremely quickly. (Speed+++)


   Skills:
 - Level 2.2 Fighting
 - Level 6.0 Ranged Weapons
 + Level 5.9 Dodging
 - Level 1.5 Stealth


You had 5 spell levels left.
You didn't know any spells.
Your spell library was empty.

Inventory:

Hand Weapons
 a - a +0 shortbow (weapon)
Armour
 c - a +0 robe (worn)
 f - a +0 cloak (worn)
Jewellery
 b - a ring of protection from fire (left hand)
 h - a +4 ring of protection (right hand)
Scrolls
 e - a scroll of enchant weapon {unknown}
Potions
 d - a potion of invisibility {unknown}
 g - a potion of might

Dungeon Overview and Level Annotations

Branches:
Dungeon (4/15)
 Temple: D:4-7

Altars:
Trog

Shops:
D:4 (

Annotations:
D:4 Duvessa


Message History

The arrow hits Duvessa but does no damage.
You shoot an arrow. The arrow hits Duvessa.
Duvessa is lightly wounded.
You shoot an arrow. The arrow closely misses Duvessa.
Duvessa closely misses you.
You shoot an arrow. The arrow hits Duvessa.
Duvessa is lightly wounded.
Duvessa hits you with a +0 short sword! Duvessa completely misses you.
You shoot an arrow.
The arrow hits Duvessa but does no damage.
Duvessa is lightly wounded.
Duvessa hits you with a +0 short sword.
You shoot an arrow.
The arrow hits Duvessa but does no damage.
Duvessa is lightly wounded.
Duvessa misses you. Duvessa closely misses you.
You shoot an arrow. The arrow closely misses Duvessa.
Duvessa closely misses you.
You shoot an arrow. The arrow hits Duvessa.
Duvessa is lightly wounded.
Duvessa closely misses you. Duvessa hits you with a +0 short sword!
You shoot an arrow. The arrow hits Duvessa.
Duvessa is lightly wounded.
Duvessa closely misses you. x2
You shoot an arrow. The arrow closely misses Duvessa.
Duvessa closely misses you.
You shoot an arrow. The arrow closely misses Duvessa.
Duvessa misses you. Duvessa hits you with a +0 short sword.
You shoot an arrow. The arrow hits Duvessa!
Duvessa is moderately wounded.
Duvessa closely misses you. Duvessa misses you.
You shoot an arrow. The arrow barely misses Duvessa.
Duvessa completely misses you.
You shoot an arrow. The arrow barely misses Duvessa.
Duvessa barely misses you. x2
You shoot an arrow.
The arrow hits Duvessa but does no damage.
Duvessa is moderately wounded.
Duvessa hits you with a +0 short sword!
You die...

#... ... #... #....
#.###....
##...##..#.....
#....#...$..... ###
#.............
#.###.............
##.\###.....e)...#
###...##.....@...#
##....##..........#
###......)......#####
.#....).........#
................#
...)##.#.).....##
...#####..).....#
...# ##.......#
...### ##......#


You could see Duvessa (berserk).

Vanquished Creatures
  An ogre (D:4)
  Dowan (D:4)
  2 orc wizards
  2 adders
  2 dart slugs (D:1)
  2 ribbon worms
  16 orcs
  10 ball pythons
  7 endoplasms
  6 goblins
  4 hobgoblins
  8 jackals (D:1)
  A kobold (D:3)
  2 quokkas
  6 bats
  7 frilled lizards
  9 rats
86 creatures vanquished.

Notes
Turn   | Place    | Note
-------+----------+-------------------------------------------
     0 | D:1      | qw the Spriggan Hunter began the quest for the Orb.
     0 | D:1      | Reached XP level 1. HP: 10/10 MP: 2/2
     0 | D:1      | 0 ||| qw: Version: 0.3-a-155-g5e7d8dd
     0 | D:1      | 0 ||| qw: Game counter: 2000
     0 | D:1      | 0 ||| qw: Melee chars always use a shield: true
     0 | D:1      | 0 ||| qw: God list: Okawaru
     0 | D:1      | 0 ||| qw: Allow faded altars: false
     0 | D:1      | 0 ||| qw: Do Orc after clearing Dungeon:15 true
     0 | D:1      | 0 ||| qw: Do second Lair branch before Depths: true
     0 | D:1      | 0 ||| qw: Lair rune preference: random
     0 | D:1      | 0 ||| qw: Goals: Normal
     0 | D:1      | 0 ||| PLANNING D:1-11
    72 | D:1      | Reached skill level 3 in Dodging
   142 | D:1      | Reached XP level 2. HP: 14/14 MP: 3/3
   467 | D:1      | Reached XP level 3. HP: 18/18 MP: 4/4
   779 | D:1      | 779 ||| READING scroll labelled GAXKOBR KEOCI.
   782 | D:1      | 782 ||| READING scroll labelled PIUNUK ILESHOFUA.
   782 | D:1      | 782 ||| IDENTIFYING fizzy silvery potion
   783 | D:1      | 783 ||| READING scroll labelled IDEOMO ZULALEDAN.
   784 | D:1      | 784 ||| DRINKING 2 inky potions.
   785 | D:1      | 785 ||| DROPPING scroll of butterflies.
   972 | D:2      | Reached skill level 5 in Ranged Weapons
  1132 | D:2      | Reached XP level 4. HP: 22/22 MP: 5/5
  1165 | D:2      | 1165 ||| UPGRADING to +0 cloak.
  1170 | D:2      | 1170 ||| READING scroll of identify.
  1170 | D:2      | 1170 ||| IDENTIFYING scroll labelled YTUGOIR YTZU
  1171 | D:2      | 1171 ||| READING scroll labelled JITHRE AFUZIEF.
  1272 | D:2      | 1272 ||| DROPPING scroll of noise.
  1577 | D:3      | Found a bloodstained altar of Trog.
  1676 | D:3      | HP: 5/23 [orc wizard/puff of flame (6)]
  1677 | D:3      | 1677 ||| READING scroll of teleportation.
  1812 | D:3      | Reached XP level 5. HP: 17/26 MP: 6/6
  2068 | D:3      | 2068 ||| UPGRADING to ring of protection from fire.
  2069 | D:3      | 2069 ||| UPGRADING to +4 ring of protection.
  2086 | D:4      | Noticed an ogre
  2092 | D:4      | Killed an ogre
  2137 | D:4      | Found Ceqolyitz's Antique Weapon Emporium.
  2150 | D:4      | Reached skill level 6 in Ranged Weapons
  2155 | D:4      | 2155 ||| DRINKING potion of curing.
  2155 | D:4      | 2155 ||| (to cure confusion)
  2163 | D:4      | Reached XP level 6. HP: 26/30 MP: 7/7
  2193 | D:4      | Noticed Dowan
  2196 | D:4      | Noticed Duvessa
  2197 | D:4      | Killed Dowan
  2205 | D:4      | HP: 4/30 [Duvessa/+0 short sword (13)]
  2212 | D:4      | Mangled by Duvessa

Levels and vault maps discovered:
D:1:      dpeg_arrival_snail, layout_basic, serial_forest,
          infiniplex_forest_clump_cross, infiniplex_forest_end_1,
          infiniplex_forest_clump_small, infiniplex_forest_straight_4,
          infiniplex_forest_end_2, infiniplex_forest_straight_4,
          infiniplex_forest_clump_tiny, infiniplex_forest_zigzag_1,
          chequers_serial_rivers_marsh, minmay_crystal_water
D:2:      layout_basic, chequers_serial_rivers_micro_c
D:3:      layout_basic, mainiacjoe_overflow_paths, wad_floor_pattern_untrapped
D:4:      layout_cave_pools, serial_shops, shop, shop,
          nicolae_shop_window_shopping, nicolae_shop_stone,
          kennysheep_generic_room_8, uniq_duvessa, uniq_grinder

Skill      XL: |  1  2  3  4  5 |
---------------+----------------+-----
Dodging        | 3 4 5 |  5.9
Ranged Weapons | 5 6 |  6.0
Fighting       | 2 |  2.2
Stealth        | |  1.5

Action                     |  1- 3 |  4- 6 || total
---------------------------+-------+-------++-------
   Fire: Shortbow          |   106 |   157 ||   263
    Use: Scroll            |     3 |     3 ||     6
         Potion            |     1 |     1 ||     2
 Armour: Robe              |     7 |    15 ||    22
  Dodge: Dodged            |    27 |    42 ||    69

Table legend:
 A = Non-vault XP
 B = Vault XP
 C = Vault XP percentage of total XP
 D = Non-vault monster count
 E = Vault monster count
 F = Vault count percentage of total count
                 A         B        C        D         E       F
            +---------+---------+-------+---------+---------+-------
      Total |     382 |      69 |  15.3 |      85 |       1 |   1.2
            +---------+---------+-------+---------+---------+-------
        D:1 |      51 |       0 |   0.0 |      29 |       0 |   0.0
        D:2 |      48 |       0 |   0.0 |      20 |       0 |   0.0
        D:3 |     107 |       0 |   0.0 |      27 |       0 |   0.0
        D:4 |     176 |      69 |  28.2 |       9 |       1 |  10.0
            +---------+---------+-------+---------+---------+-------
